 Dungeon Crawl Stone Soup version 0.21-a0-26-g7b23a2f (webtiles) character file.

231 grindst0ne the Shield-Bearer (level 6, -4/50 HPs)
             Began as a Formicid Fighter on May 25, 2017.
             Shot with an arrow by a centaur (15 damage)
             ... on level 5 of the Dungeon.
             The game lasted 00:07:04 (2127 turns).

grindst0ne the Shield-Bearer (Formicid Fighter)     Turns: 2127, Time: 00:07:05

Health: -4/50      AC:  9    Str: 21    XL:     6   Next: 24%
Magic:  6/6        EV:  6    Int:  7    God:
Gold:   190        SH: 10    Dex: 15    Spells: 5/5 levels left

rFire    . . .     SeeInvis +   a - +0 war axe
rCold    . . .     Gourm    .   c - +0 shield
rNeg     + . .     Faith    .   s - +0 chain mail
rPois    .         Spirit   .   (helmet unavailable)
rElec    .         Reflect  .   (no cloak)
rCorr    .         Harm     .   (no gloves)
MR       .....                  (no boots)
Stlth    ..........             (no amulet)
Regen    0.2/turn               e - ring of positive energy
MPRegen  0.1/turn               l - +3 ring of dexterity

@: no status effects
A: permanent stasis, dig shafts and tunnels, four strong arms, antennae 3
a: Dig, Shaft Self


You were on level 5 of the Dungeon.
You were not hungry.

You visited 1 branch of the dungeon, and saw 5 of its levels.

You collected 190 gold pieces.

Inventory:

Hand Weapons
 a - a +0 war axe (weapon)
Armour
 b - a +0 scale mail
 c - a +0 shield (worn)
 o - a +0 ring mail
 s - a +0 chain mail (worn)
Jewellery
 e - a ring of positive energy (left hand)
 l - a +3 ring of dexterity (right hand)
Scrolls
 g - 2 scrolls of identify
 n - a scroll of magic mapping {unknown}
Potions
 d - a potion of might
 h - a potion of magic {unknown}
 i - a potion of flight
 j - a potion of ambrosia {unknown}
 m - 2 potions of haste {unknown}
 q - a potion of heal wounds {unknown}
 t - a potion of curing {unknown}
Comestibles
 f - 3 bread rations
 k - a meat ration
 p - 4 fruits
 r - a royal jelly
 u - 2 chunks of flesh


   Skills:
 + Level 4.9 Fighting
 + Level 3.9 Axes
 - Level 3.2 Armour
 + Level 5.2 Shields


You had 5 spell levels left.
You didn't know any spells.

Dungeon Overview and Level Annotations

Branches:
Dungeon (5/15)
 Temple: D:4-7

Altars:
Qazlal
Ru
The Shining One

Annotations:
D:4 Eustachio
D:5 Menkaure


Innate Abilities, Weirdness & Mutations

You cannot be hasted, slowed, berserked, paralysed or teleported.
You can dig through walls and to a lower floor.
Your four strong arms can wield two-handed weapons with a shield.
You have a pair of large antennae on your head. (SInv)


Message History

Where to? (Enter - D:3, ? - help)
There are monsters nearby!
The ufetubus hits you.
* * * LOW HITPOINT WARNING * * *
You block the ufetubus's attack.
The shadow imp hits you but does no damage.
The ufetubus barely misses you. You block the ufetubus's attack.
You climb downwards.
Menkaure, Prince of Dust comes into view.
Menkaure shouts!
Found a stone staircase leading down.
There is a stone staircase leading up here.
Found a stone staircase leading down.
A centaur comes into view.
The centaur shouts!
The centaur wields a shortbow.
The centaur shoots an arrow.
The arrow hits you.
* * * LOW HITPOINT WARNING * * *
You see here an arrow.
The centaur shoots an arrow.
The arrow hits you!
You die...

.# ##.. ### #.#
#... #...
#..###..##....
#......#.....>
#.....#......
#............
##............
##....@........
##.....(........
................
...>..##<.......
.....# #........
..... .........
.... ..........
c... .{.........
... ..M.........


You could see a centaur.

Vanquished Creatures
  A gnoll shaman (D:4)
  An orc priest (D:3)
  A centaur skeleton (D:4)
  An orc wizard (D:2)
  Natasha (D:4)
  A worker ant (D:4)
  2 adders
  A worm (D:2)
  A dart slug (D:2)
  A leopard gecko (D:3)
  3 orcs (D:3)
  8 bats
  A giant cockroach (D:4)
  4 goblins
  3 hobgoblins
  3 jackals (D:1)
  A quokka (D:2)
  4 ball pythons
  3 frilled lizards (D:2)
  5 kobolds
  6 rats
52 creatures vanquished.

Notes
Turn   | Place    | Note
-------+----------+-------------------------------------------
     0 | D:1      | grindst0ne the Formicid Fighter began the quest for the Orb.
     0 | D:1      | Reached XP level 1. HP: 18/18 MP: 1/1
    47 | D:1      | Reached XP level 2. HP: 21/24 MP: 2/2
   365 | D:2      | Reached XP level 3. HP: 29/30 MP: 3/3
   525 | D:2      | Found a faded altar of an unknown god.
   582 | D:2      | Found a sacrificial altar of Ru.
   591 | D:2      | Reached skill level 4 in Shields
   591 | D:2      | Reached XP level 4. HP: 33/37 MP: 4/4
   702 | D:2      | Found a glowing golden altar of the Shining One.
  1157 | D:3      | Reached XP level 5. HP: 41/43 MP: 5/5
  1288 | D:3      | Found a stormy altar of Qazlal.
  2006 | D:4      | Reached skill level 5 in Shields
  2025 | D:4      | Reached XP level 6. HP: 42/50 MP: 6/6
  2045 | D:4      | Noticed Natasha
  2054 | D:4      | Killed Natasha
  2075 | D:4      | Noticed Eustachio
  2124 | D:5      | Entered Level 5 of the Dungeon
  2124 | D:5      | Noticed Menkaure
  2127 | D:5      | Shot with an arrow by a centaur

Vault maps used:
D:1:      scummos_arrival_checkerplants
D:2:      nicolae_overflow_crystal_walls, chequers_ecumenical_altar_simple,
          nicolae_ru_great_annihilating_truth
D:3:      wad_pebble_path, grunt_qazlal_sundering
D:4:      hangedman_minor_gate_pass, uniq_natasha, uniq_eustachio, uniq_sigmund
D:5:      marbit_many_paths, first_bread, serial_shops, kennysheep_mini_moat,
          uniq_pikel, uniq_menkaure

Skill      XL: |  1  2  3  4  5 |
---------------+----------------+-----
Fighting       | 4 |  4.9
Shields        | 4 5 |  5.2
Axes           | 3 |  3.9
Armour         | |  3.2

Action                   |  1- 3 |  4- 6 || total
-------------------------+-------+-------++-------
Melee: War axe           |    59 |   113 ||   172
  Use: Scroll            |       |     3 ||     3
 Stab: Paralysed         |       |     2 ||     2
       Invisible         |       |     1 ||     1
  Eat: Chunk             |       |     4 ||     4
Armor: Scale mail        |    25 |    25 ||    50
       Chain mail        |       |    20 ||    20
Dodge: Dodged            |    19 |    34 ||    53
Block: Shield            |    40 |    85 ||   125
